 Dungeon Crawl Stone Soup version 0.15.2 (webtiles) character file.

200 ztt the Firebug (level 5, -4/31 HPs)
             Began as an Octopode Fire Elementalist on Nov 6, 2014.
             Slain by gabygaby's ghost (5 damage)
             ... on Level 3 of the Dungeon.
             The game lasted 00:07:57 (3548 turns).

ztt the Firebug (Octopode Fire Elementalist)        Turns: 3548, Time: 00:07:58

HP  -4/31        AC  1     Str  8      XL: 5   Next: 79%
MP   4/11        EV 12     Int 18      God:
Gold 195         SH  0     Dex 12      Spells:  3 memorised,  4 levels left

rFire  . . .     SeeInvis .     (no weapon)
rCold  . . .     Clarity  .     (no shield)
rNeg   . . .     rCorr    .     (helmet restricted)
rPois  .         rRot     .     (no amulet)
rElec  .         Spirit   .     (no ring)
SustAb .         Warding  .     (no ring)
rMut   .         Stasis   .     (no ring)
Gourm  .                        (no ring)
MR     .....                    (no ring)
                                (no ring)
                                (no ring)
                                (no ring)

@: heavily drained, not resistant to hostile enchantments, fairly stealthy
A: almost no armour, amphibious, 8 rings, constrict 8, camouflage 1, gelatinous
body 1
a: no special abilities


You were on level 3 of the Dungeon.
You were not hungry.

You visited 1 branch of the dungeon, and saw 3 of its levels.

You collected 195 gold pieces.

Inventory:

Comestibles
 c - a bread ration
 f - a meat ration
 h - 2 beef jerkies
Scrolls
 a - 3 scrolls of noise {unknown}
 i - a scroll of immolation {unknown}
 k - a scroll of random uselessness {unknown}
Jewellery
 j - a cursed amulet of inaccuracy {unknown}
Potions
 d - a potion of might {unknown}
 e - a potion of cancellation {unknown}
 g - a potion of magic {unknown}
Books
 b - a book of Flames

   Spells                             Type                      Level
   *Flame Tongue                      Conjuration/Fire             1
   *Throw Flame                       Conjuration/Fire             2
   *Conjure Flame                     Conjuration/Fire             3
   Inner Flame                        Hexes/Fire                   3
   Sticky Flame                       Conjuration/Fire             4
   Fireball                           Conjuration/Fire             5


   Skills:
 + Level 2.4(1.3) Dodging
 + Level 3.5(2.4) Stealth
 + Level 3.3(2.2) Spellcasting
 + Level 2.6(1.4) Conjurations
 + Level 4.1(3.0) Fire Magic


You had 4 spell levels left.
You knew the following spells:

 Your Spells              Type           Power        Failure   Level  Hunger
a - Flame Tongue          Conj/Fire      ##...        10%         1    #......
b - Throw Flame           Conj/Fire      ##....       12%         2    ##.....
c - Conjure Flame         Conj/Fire      ##......     24%         3    ###....


Dungeon Overview and Level Annotations

Branches:
Dungeon (3/15)

Altars:
Yredelemnul

Annotations:
D:3 gabygaby's ghost, average SpEn


Innate Abilities, Weirdness & Mutations

You cannot wear most types of armour.
You are amphibious.
You can wear up to eight rings at the same time.
You can use your tentacles to constrict many enemies at once.
Your skin changes colour to match your surroundings (Stealth).
Your rubbery body absorbs attacks (AC +1).


Message History

Casting: Flame Tongue
Confirm with . or Enter, or press ? or * to list all spells.
Aiming: Flame Tongue
Press: ? - help, Shift-Dir - straight line, f/p - gabygaby's ghost
Aim: gabygaby's ghost (almost destroyed)
The flame tongue hits gabygaby's ghost.
Gabygaby's ghost appears unharmed.
Gabygaby's ghost is almost destroyed.
Gabygaby's ghost closely misses you.
Casting: Flame Tongue
Confirm with . or Enter, or press ? or * to list all spells.
Aiming: Flame Tongue
Press: ? - help, Shift-Dir - straight line, f/p - gabygaby's ghost
Aim: gabygaby's ghost (almost destroyed)
The flame tongue misses gabygaby's ghost.
Gabygaby's ghost hits you!
* * * LOW HITPOINT WARNING * * *
You feel drained.
* * * LOW HITPOINT WARNING * * *
Gabygaby's ghost hits you.
You die...

#.# #.#######.#
#.......#.# ............
#######.#.# #.#.. #.###
.####################.###
.......W@................
#########################
############ #####
#.........)######...)
#.........[.......##.
#...........P.P...##.
####......)....)_....##.
#........####..P.P...##.
#....(...# #........##.


You could see gabygaby's ghost.

Vanquished Creatures
  5 adders
  9 gnolls
  3 worms (D:2)
  3 giant geckos (D:2)
  3 orcs (D:3)
  8 hobgoblins
  3 kobolds
  A quokka (D:2)
  4 bats
  2 giant newts
  7 goblins
  6 rats
54 creatures vanquished.

Notes
Turn   | Place    | Note
--------------------------------------------------------------
     0 | D:1      | ztt, the Octopode Fire Elementalist, began the quest for the Orb.
     0 | D:1      | Reached XP level 1. HP: 11/11 MP: 3/3
   520 | D:1      | Reached XP level 2. HP: 10/17 MP: 1/4
   649 | D:1      | Learned a level 2 spell: Throw Flame
  1108 | D:1      | Reached XP level 3. HP: 21/21 MP: 0/6
  2027 | D:2      | Reached XP level 4. HP: 23/27 MP: 6/8
  2032 | D:2      | Learned a level 3 spell: Conjure Flame
  2407 | D:2      | Reached skill level 4 in Fire Magic
  2736 | D:3      | Reached XP level 5. HP: 4/31 MP: 2/11
  3359 | D:3      | Found a basalt altar of Yredelemnul.
  3539 | D:3      | Noticed gabygaby's ghost (average SpEn)
  3548 | D:3      | HP: 1/31 [gabygaby's ghost (2)]
  3548 | D:3      | Slain by gabygaby's ghost

Action                   |  1- 3 |  4- 6 || total
-------------------------+-------+-------++-------
Melee: Unarmed           |    15 |     6 ||    21
 Cast: Flame Tongue      |    47 |    67 ||   114
       Throw Flame       |     2 |       ||     2
       Conjure Flame     |       |     2 ||     2
  Use: Scroll            |       |     2 ||     2
  Eat: Bread ration      |     1 |       ||     1
       Chunk             |       |     3 ||     3
       Beef jerky        |       |     1 ||     1
